 Dungeon Sprint DCSS version 0.27.1-34-g3ba077fa99 (webtiles) character file.

Game seed: 13705146127117242660

4834 boopmooplesden the Cleaver (level 10, -2/101 HPs)
             Began as a Hill Orc Fighter on Jan 16, 2022.
             Was a Priest of Okawaru.
             Killed from afar by a storm dragon (5 damage)
             ... with a bolt of lightning
             ... in the Dungeon (Sprint II: "The Violet Keep of Menkaure").
             The game lasted 00:06:40 (2258 turns).

boopmooplesden the Cleaver (Hill Orc Fighter)       Turns: 2258, Time: 00:06:41

Health: -2/101     AC: 17    Str: 22      XL:     10   Next: 49%
Magic:  9/11       EV: 15    Int: 17 (18) God:    Okawaru [***...]
Gold:   326        SH: 17    Dex: 11      Spells: 9/9 levels left

rFire    . . .     SeeInvis .   k - +4 trident "Vunaunem" {elec, Int+10}
rCold    + + +     Faith    .   c - +2 kite shield
rNeg     . . .     Spirit   .   d - +3 chain mail "Ogguunt" {Rampage rCorr}
rPois    +         Reflect  .   (no helmet)
rElec    +         Harm     .   (no cloak)
rCorr    +         Rampage  +   (no gloves)
Will     .....     NoTele   +   (no boots)
Stlth    ..........             (no amulet)
HPRegen  0.26/turn              p - ring of ice
MPRegen  0.12/turn              u - +4 ring of evasion

@: resistant, heroic, unable to read
A: cold resistance 1, deterioration 1, no potion heal 1, subdued magic 1,
inability to read while threatened
a: Renounce Religion, Heroism


You were in the Dungeon.
You worshipped Okawaru.
Okawaru was most pleased with you.
You visited 1 branch You collected 1155 gold pieces.
You spent 829 gold pieces at shops.

Inventory:

Hand Weapons
 a - a +0 war axe
 k - the +4 trident "Vunaunem" (weapon) {elec, Int+10}
   (You bought it in a shop in the Dungeon)

   It occasionally discharges a powerful burst of electricity upon striking a
   foe.
   Int:       It affects your intelligence (+10).
 m - a +3 morningstar of protection
Armour
 b - a +0 scale mail
 c - a +2 kite shield (worn)
 d - the +3 chain mail "Ogguunt" (worn) {Rampage rCorr}
   (You bought it in a shop in the Dungeon)

   rCorr:     It protects you from acid and corrosion.
   Rampage:   It bestows one free step when moving towards enemies.
Jewellery
 i - a ring of resist corrosion
 p - a ring of ice (left hand)
 u - a +4 ring of evasion (right hand)
 w - a ring of willpower
Scrolls
 j - a scroll of blinking
 n - a scroll of magic mapping
 o - a scroll of vulnerability
 q - 3 scrolls of enchant weapon
Potions
 e - 2 potions of curing
 f - 2 potions of heal wounds
 g - a potion of haste
 h - 5 potions of magic
 l - a potion of ambrosia {unknown}
 r - a potion of invisibility {unknown}
 s - 2 potions of resistance
 t - 2 potions of brilliance
 v - a potion of flight
 x - a potion of mutation {unknown}


   Skills:
 + Level 13.0(18.0) Fighting
 + Level 13.9(20.4) Axes
 + Level 10.0(17.3) Polearms
 + Level 12.6(17.6) Armour
 + Level 2.4(7.4) Dodging
 + Level 1.1(6.1) Stealth
 + Level 13.1(18.1) Shields
 + Level 2.0 Invocations


You had 9 spell levels left.
You didn't know any spells.
Your spell library contained the following spells:

 Spells                   Type           Power      Damage    Failure   Level
 Slow                     Hex            0%         N/A       78%         2
 Confusing Touch          Hex            0%         N/A       95%         3
 Vampiric Draining        Necr           0%         2d6       95%         3


Dungeon Overview and Level Annotations

Branches:
Dungeon (1/1)

Altars:
Cheibriados
Dithmenos
Elyvilon
Fedhas
Gozag
Hepliaklqana
Kikubaaqudgha
Makhleb
Nemelex Xobeh
Okawaru
Qazlal
Ru
Sif Muna
Trog
Uskayaw
Vehumet
Wu Jian
Xom
Yredelemnul
Zin
The Shining One
Beogh
Jiyva
Lugonu

Shops:
D :(=(*!?([=?!:[!(?**

Annotations:
D exclusion: oklob plant


Innate Abilities, Weirdness & Mutations

Your flesh is cold resistant. (rC+)
Your body sometimes deteriorates upon taking damage.
Potions are less effective at restoring your health.
Your spells are a little easier to cast, but a little less powerful.
You sometimes lose the ability to read scrolls when taking damage.


Message History

You block the storm dragon's attack. x2
You puncture the storm dragon!
The storm dragon is severely wounded.
The storm dragon bites you!
* * * LOW HITPOINT WARNING * * *
The storm dragon claws you but does no damage.
You block the storm dragon's attack.
You closely miss the storm dragon.
The storm dragon is severely wounded.
You hit the storm dragon.
The storm dragon is severely wounded.
The storm dragon closely misses you. You block the storm dragon's attack.
The storm dragon tramples you.
* * * LOW HITPOINT WARNING * * *
You stumble backwards!
You hit the storm dragon but do no damage.
The storm dragon is severely wounded.
The storm dragon breathes lightning at you.
The bolt of lightning misses you. The bolt of lightning hits you. You resist.
* * * LOW HITPOINT WARNING * * *
The bolt of lightning hits the storm dragon.
The storm dragon completely resists.
You hit the storm dragon.
The storm dragon is almost dead.
You puncture the storm dragon!
The storm dragon is almost dead.
The storm dragon barely misses you. You block the storm dragon's attack. x2
You barely miss the storm dragon.
The storm dragon is almost dead.
The storm dragon bites you!
* * * LOW HITPOINT WARNING * * *
The storm dragon claws you but does no damage.
The storm dragon closely misses you.
You hit the storm dragon but do no damage.
The storm dragon is almost dead.
The storm dragon breathes lightning at you.
The bolt of lightning hits you. You resist.
* * * LOW HITPOINT WARNING * * *
The bolt of lightning hits you. You resist.
You die...

****** **********#########***
*,,,,* ***
*,,,,,,+,,#∩.∩∩D@.+,,***,,,,***,,
*,,,,,,*,,#######.#***,,,,,,,,*,,
*+******+**,,####+####,,,,,,,,*,,
*∩∩∩∩∩∩*,,+,##...○..○##⌠,,,,*+***
*∩∩∩∩∩∩*,,*##...○°°°○.##,,,,*,,*▓
*********,,+....○○°.○..#*++**,,,+
*,,,**,,,**##....○°°○°##≈,,,***,#
*,,,,*,,,,,≈##.......##,≈,,,,,**#
###########≈≈#'''#°''##***,,,,*,*


You could see a storm dragon (catching breath).

Vanquished Creatures
  An ice statue (D)
  A yaktaur (D)
  3 polar bears (D)
  A blink frog (D)
  A hornet (D)
  11 flying skulls (D)
  2 wyverns (D)
  3 neqoxecs (D)
  3 water moccasins (D)
  4 necrophages (D)
  4 scorpions (D)
34 creatures vanquished.

Vanquished Creatures (others)
  A neqoxec (D)
  Menkaure (D)
  2 water moccasins (D)
  8 tentacles (D)
12 creatures vanquished.

Grand Total: 46 creatures vanquished

Notes
Turn   | Place    | Note
-------+----------+-------------------------------------------
     0 | D        | boopmooplesden the Hill Orc Fighter began the quest for the
                  | Orb.
     0 | D        | Reached XP level 1. HP: 19/19 MP: 1/1
     1 | D        | Noticed a necrophage
     1 | D        | Noticed a necrophage
     1 | D        | Noticed a necrophage
     1 | D        | Noticed a necrophage
    10 | D        | Killed a necrophage
    11 | D        | Reached skill level 5 in Armour
    11 | D        | Reached XP level 2. HP: 19/31 MP: 2/2
    11 | D        | Reached XP level 3. HP: 23/38 MP: 3/3
    11 | D        | Reached XP level 4. HP: 28/45 MP: 4/4
    15 | D        | Killed a necrophage
    16 | D        | Reached XP level 5. HP: 24/53 MP: 5/5
    20 | D        | Killed a necrophage
    21 | D        | Reached XP level 6. HP: 30/62 MP: 6/6
    22 | D        | Killed a necrophage
    29 | D        | Killed Menkaure
    62 | D        | Killed a water moccasin
   181 | D        | Noticed a neqoxec
   181 | D        | Noticed a neqoxec
   182 | D        | Gained mutation: Potions are less effective at restoring
                  | your health. [a neqoxec]
   187 | D        | Gained mutation: You sometimes lose the ability to read
                  | scrolls when taking damage. [a neqoxec]
   188 | D        | Killed a neqoxec
   189 | D        | Reached XP level 7. HP: 71/71 MP: 7/7
   191 | D        | Gained mutation: Your body sometimes deteriorates upon
                  | taking damage. [a neqoxec]
   192 | D        | Gained mutation: Your flesh is cold resistant. (rC+) [a
                  | neqoxec]
   194 | D        | Killed a neqoxec
   197 | D        | Killed a neqoxec
   198 | D        | Reached skill level 10 in Fighting
   200 | D        | Noticed an ice statue
   200 | D        | Noticed a neqoxec
   207 | D        | Gained mutation: Your spells are a little easier to cast,
                  | but a little less powerful. [a neqoxec]
   214 | D        | Killed a neqoxec
   215 | D        | Reached skill level 10 in Axes
   397 | D        | Noticed a wyvern
   397 | D        | Noticed a wyvern
   403 | D        | Killed a wyvern
   404 | D        | Reached skill level 10 in Armour
   404 | D        | Reached XP level 8. HP: 49/81 MP: 8/8
   412 | D        | Killed a wyvern
   425 | D        | Found Ryvvuovi's Antique Armour Emporium.
   426 | D        | Found Koujir's Antique Armour Shoppe.
   426 | D        | Found Asaddukh's Antique Weapon Emporium.
   426 | D        | Found Enwats's Antique Weapon Shoppe.
   426 | D        | Found Woskioqo's Magic Scroll Shoppe.
   426 | D        | Found Qydworov's Magic Scroll Shoppe.
   426 | D        | Found Uloapry's Jewellery Emporium.
   426 | D        | Found Hautuner's Book Shoppe.
   426 | D        | Found Facoip's Distillery.
   426 | D        | Found Totateips's Distillery.
   426 | D        | Found Wurchu's Jewellery Emporium.
   687 | D        | Found Xefah's Antique Weapon Shoppe.
   687 | D        | Found Ihash's Distillery.
   687 | D        | Found Ifaesef's Assorted Antiques.
   693 | D        | Noticed an oklob plant
   694 | D        | Found Yrch's Book Shoppe.
   695 | D        | Noticed an ice dragon
   696 | D        | Bought an ancient chain mail for 266 gold pieces
   696 | D        | Identified the +3 chain mail "Ogguunt" {Rampage rCorr} (You
                  | bought it in a shop in the Dungeon)
   710 | D        | Noticed a wyvern
   710 | D        | Noticed a wyvern
   714 | D        | Bought a crude trident for 263 gold pieces
   714 | D        | Identified the +4 trident "Vunaunem" {elec, Int+10} (You
                  | bought it in a shop in the Dungeon)
   730 | D        | Noticed a blink frog
   733 | D        | Killed a blink frog
   734 | D        | Reached skill level 10 in Shields
   758 | D        | Reached skill level 1 in Dodging
   760 | D        | Reached skill level 1 in Polearms
   770 | D        | Found a glowing silver altar of Zin.
   771 | D        | Found a glowing golden altar of the Shining One.
   771 | D        | Found a basalt altar of Yredelemnul.
   771 | D        | Found a hide-covered altar of Uskayaw.
   772 | D        | Found a shimmering altar of Xom.
   772 | D        | Found a bloodstained altar of Trog.
   772 | D        | Found a radiant altar of Vehumet.
   772 | D        | Found a burning altar of Makhleb.
   773 | D        | Found an ornate altar of the Wu Jian Council.
   773 | D        | Found a shimmering blue altar of Sif Muna.
   773 | D        | Found a corrupted altar of Lugonu.
   774 | D        | Found a sacrificial altar of Ru.
   774 | D        | Found an ancient bone altar of Kikubaaqudgha.
   774 | D        | Found a white marble altar of Elyvilon.
   775 | D        | Found a stormy altar of Qazlal.
   775 | D        | Found a viscous altar of Jiyva.
   775 | D        | Found a shadowy altar of Dithmenos.
   776 | D        | Found a hazy altar of Hepliaklqana.
   776 | D        | Found a snail-covered altar of Cheibriados.
   778 | D        | Found a roughly hewn altar of Beogh.
   778 | D        | Found a sparkling altar of Nemelex Xobeh.
   778 | D        | Found a blossoming altar of Fedhas.
   778 | D        | Noticed a hornet
   778 | D        | Noticed a polar bear
   778 | D        | Noticed a polar bear
   779 | D        | Found an iron altar of Okawaru.
   779 | D        | Found an opulent altar of Gozag.
   779 | D        | Noticed a yaktaur
   780 | D        | Noticed a polar bear
   788 | D        | Became a worshipper of Warmaster Okawaru
   798 | D        | Killed a polar bear
   799 | D        | Reached XP level 9. HP: 89/89 MP: 9/9
   803 | D        | Killed a polar bear
   809 | D        | Killed a polar bear
   809 | D        | Reached * piety under Okawaru
   810 | D        | Killed a hornet
   814 | D        | Killed a yaktaur
   815 | D        | Reached skill level 5 in Polearms
  1103 | D        | Noticed a kraken
  1114 | D        | Reached skill level 1 in Stealth
  1375 | D        | Reached ** piety under Okawaru
  1397 | D        | Reached XP level 10. HP: 51/99 MP: 10/10
  1411 | D        | Reached skill level 1 in Invocations
  1428 | D        | Reached *** piety under Okawaru
  1694 | D        | Bought a ring of ice for 300 gold pieces
  1741 | D        | Killed an ice statue
  1742 | D        | Reached skill level 10 in Polearms
  2218 | D        | Found Otreequf's General Store.
  2218 | D        | Found Xepitoch's Assorted Antiques.
  2218 | D        | Found Girph's Magic Scroll Shop.
  2218 | D        | Found Meloyn's Antique Weapon Boutique.
  2218 | D        | Noticed a storm dragon
  2257 | D        | HP: 5/101 [storm dragon (8)]
  2258 | D        | Killed from afar by a storm dragon

Illustrated notes

Levels and vault maps discovered:
D:        the_violet_keep_of_menkaure [sprint2_stairs_cluster_1,
          sprint2_shoproom, sprint2_temple, sprint2_basic_supplies,
          sprint2_obstacle_1, sprint2_obstacle_5, sprint2_obstacle_2,
          sprint2_obstacle_4, sprint2_obstacle_7, sprint2_timed_cluster_1,
          sprint2_smallroom_cluster_1, sprint2_smallroom_final_cluster_1,
          sprint2_transparent_cluster_1, sprint2_second_timed_cluster_1,
          sprint2_sniper_area_1, sprint2_heavy_combat_area_1,
          sprint2_mutation_trap_area_1, sprint2_forest_area_1,
          sprint2_light_combat_area_1, sprint2_behind_water_1,
          sprint2_near_end_vault_1]

Skill      XL: |  1  2  3  4  5  6  7  8  9 10 |
---------------+-------------------------------+-----
Fighting       | 6 7 8 9 10 11 12 13 | 13.0
Axes           | 4 6 7 9 11 13 | 13.9
Armour         | 5 7 9 10 11 12 | 12.6
Shields        | 6 7 8 9 10 12 13 | 13.1
Dodging        | 1 2 |  2.4
Polearms       | 2 7 10 | 10.0
Stealth        | 1 |  1.1
Invocations    | 2 |  2.0

Action                   |  1- 3 |  4- 6 |  7- 9 | 10-12 || total
-------------------------+-------+-------+-------+-------++-------
Melee: War axe           |     7 |    18 |    34 |       ||    59
       Trident           |       |       |    94 |    99 ||   193
Invok: Heroism           |       |       |     2 |     4 ||     6
  Use: Potion            |     1 |       |     3 |     4 ||     8
       Scroll            |       |       |     9 |     1 ||    10
Armor: Scale mail        |     4 |     3 |     4 |       ||    11
       Chain mail        |       |       |    62 |    24 ||    86
Dodge: Dodged            |       |     4 |    35 |    29 ||    68
Block: Kite shield       |     5 |     5 |    82 |    58 ||   150
